 Dungeon Crawl Stone Soup version 0.31-a0-331-geda263fcf1 (webtiles) character file.

Game seed: 4426208751746488215

158 Newt the Trooper (level 5, -4/42 HPs)
             Began as a Demonspawn Gladiator on July 19, 2023.
             Slain by an orc
             ... wielding a +0 trident
              (6 damage)
             ... on level 3 of the Dungeon.
             The game lasted 00:02:10 (2376 turns).

Newt the Trooper (Demonspawn Gladiator)             Turns: 2376, Time: 00:02:11

Health: -4/42      AC:  5    Str: 22    XL:     5   Next: 16%
Magic:  5/5        EV: 12    Int:  9    God:
Gold:   162        SH:  0    Dex: 15    Spells: 4/4 levels left

rFire   . . .        a - +1 rapier
rCold   . . .        (no shield)
rNeg    . . .        b - +0 leather armour
rPois   .            c - +1 helmet
rElec   .            (no cloak)
rCorr   .            (no gloves)
SInv    .            (no boots)
Will    .....        (no amulet)
Stlth   +            i - +6 ring of strength
HPRegen 0.27/turn    (no ring)
MPRegen 0.09/turn

%: no passive effects
@: no status effects
A: ignite blood 2, weakness stinger 2
a: no special abilities


You were on level 3 of the Dungeon.
You visited 1 branch of the dungeon, and saw 3 of its levels.

You collected 162 gold pieces.

Inventory:

Hand Weapons
 a - a +1 rapier (weapon)
Missiles
 d - 3 throwing nets (quivered)
 e - a javelin
Armour
 b - a +0 leather armour (worn)
 c - a +1 helmet (worn)
Jewellery
 i - a +6 ring of strength (left hand)
Scrolls
 l - 2 scrolls of enchant armour
Potions
 f - a potion of might {unknown}
 h - a potion of magic
 j - a potion of heal wounds {unknown}


   Skills:
 - Level 4.0 Fighting
 - Level 4.0 Short Blades
 - Level 1.7 Throwing
 + Level 3.1 Dodging


You had 4 spell levels left.
You didn't know any spells.
Your spell library contained the following spells:

 Spells                   Type           Power      Damage    Failure   Level
 Shock                    Conj/Air       0%         1d3       43%         1
 Swiftness                Air            0%         N/A       80%         3
 Airstrike                Air            0%         2d(0-16)  99%         4


Dungeon Overview and Level Annotations

Branches:
Dungeon (3/15)

Altars:


Innate Abilities, Weirdness & Mutations

Your demonic aura often causes spilled blood to erupt in flames.
You have a tail ending in a sharp stinger.


Message History

The orc wizard hits you with a +0 dagger.
* * * LOW HITPOINT WARNING * * *
You hit the orc wizard.
The orc wizard is heavily wounded.
You hit the orc wizard.
Your tail-slap misses the orc wizard.
The orc wizard is severely wounded.
The orc wizard hits you with a +0 dagger.
* * * LOW HITPOINT WARNING * * *
The orc closely misses you.
You closely miss the orc wizard.
The orc wizard is severely wounded.
The orc wizard closely misses you. The orc hits you but does no damage.
You hit the orc.
The orc is moderately wounded.
The orc wizard closely misses you. The orc hits you with a +0 trident!
* * * LOW HITPOINT WARNING * * *
It was a potion of curing.
You feel better. The orc barely misses you.
The orc wizard gestures at you while chanting.
You are confused.
Unknown command.
You closely miss the orc wizard.
The orc wizard is severely wounded.
The orc wizard barely misses you. The orc hits you with a +0 trident.
* * * LOW HITPOINT WARNING * * *
Unknown command.
You feel better. The orc wizard casts a spell at you.
The puff of flame hits you!
* * * LOW HITPOINT WARNING * * *
The orc closely misses you.
Unknown command.
You hit the orc wizard.
The orc wizard is almost dead.
The orc wizard barely misses you. The orc closely misses you.
Unknown command.
The orc wizard attacks as you move away!
The orc wizard barely misses you. The orc attacks as you move away!
The orc barely misses you.
The orc hits you from afar with a +0 trident.
You die...

...##### ......<#
########. ........
....... ### .##.##. ...
....## # #.. + .#...#.#
#.#####.+ .#.#.#.#
#.#.o@..# .#.....#
#.#o######## .#.#.#####
#.#o.o......
.###.....###.##..#####
.............#†....##
#########.....†........
####..†.#.#####
#.#....# #.######


You could see an orc wizard and an orc.

Vanquished Creatures
  Jessica (D:2)
  An orc wizard (D:3)
  Terence (D:2)
  3 adders (D:2)
  2 worms (D:2)
  An orc (D:3)
  3 endoplasms (D:2)
  2 giant cockroaches
  4 goblins (D:1)
  6 hobgoblins
  7 jackals
  3 quokkas
  5 ball pythons
  2 bats
  3 frilled lizards
  3 kobolds
  9 rats (D:1)
56 creatures vanquished.

Notes
Turn   | Place    | Note
-------+----------+-------------------------------------------
     0 | D:1      | Newt the Demonspawn Gladiator began the quest for the Orb.
     0 | D:1      | Reached XP level 1. HP: 16/16 MP: 1/1
   256 | D:1      | Gained mutation: You have a small tail. [demonic ancestry]
   256 | D:1      | Reached XP level 2. HP: 23/23 MP: 2/2
   358 | D:1      | Found a faded altar of an unknown god.
  1015 | D:2      | Gained mutation: Your demonic aura sometimes causes spilled
                  | blood to erupt in flames. [demonic ancestry]
  1015 | D:2      | Reached XP level 3. HP: 14/29 MP: 3/3
  1373 | D:2      | Noticed Terence
  1400 | D:2      | Killed Terence
  1555 | D:2      | Gained mutation: Your demonic aura often causes spilled
                  | blood to erupt in flames. [demonic ancestry]
  1555 | D:2      | Reached XP level 4. HP: 37/37 MP: 4/4
  1615 | D:2      | Noticed Jessica
  1623 | D:2      | Killed Jessica
  2352 | D:3      | Gained mutation: You have a tail ending in a sharp stinger.
                  | [demonic ancestry]
  2352 | D:3      | Reached XP level 5. HP: 19/42 MP: 5/5
  2371 | D:3      | HP: 1/42 [orc/+0 trident (7)]
  2376 | D:3      | Slain by an orc

Illustrated notes

Levels and vault maps discovered:
D:1:      dpeg_arrival_fog, layout_basic, ebering_ecumenical_altar_webs,
          nrook_loot_triangle, st_stairs_8, minmay_rat_gold_closets
D:2:      layout_loops_corners, minivault_14, uniq_jessica, uniq_terence
D:3:      layout_basic, grunt_temple_overflow_order_and_chaos_1, hellmonk_no_cap

Skill      XL: |  1  2  3  4  5 |
---------------+----------------+-----
Fighting       | 3 4 |  4.0
Short Blades   | 3 4 |  4.0
Dodging        | 3 |  3.1
Throwing       | |  1.7

Action                     |  1- 3 |  4- 6 || total
---------------------------+-------+-------++-------
  Melee: Rapier            |   117 |    69 ||   186
         Tailslap          |     5 |     8 ||    13
         Punch             |     1 |     1 ||     2
  Throw: Throwing net      |     2 |       ||     2
    Use: Scroll            |     2 |     2 ||     4
         Potion            |       |     2 ||     2
   Stab: Sleeping          |     4 |       ||     4
         Held in net/web   |     1 |       ||     1
 Armour: Leather armour    |    33 |    20 ||    53
  Dodge: Dodged            |    82 |    49 ||   131

Table legend: (Time is in decaauts)
 A = Elapsed time spent in this place.
 B = Non-inter-level travel time spent in this place.
 C = Inter-level travel time spent in this place.
 D = Time resting spent in this place.
 E = Time spent auto-exploring this place.
 F = Levels seen in this place.
 G = Mean time per level.
                   A        B        C        D        E       F      G
               +--------+--------+--------+--------+--------+-----+--------+
         Total |   2383 |   2315 |     68 |    260 |   1681 |   3 |  794.3 |
       Dungeon |   2383 |   2315 |     68 |    260 |   1681 |   3 |  794.3 |
               +--------+--------+--------+--------+--------+-----+--------+

Top non-repeatable levels by time:
     D:2: 1209 daAuts
     D:1: 988 daAuts
     D:3: 185 daAuts
